 Dungeon Sprint DCSS version 0.18.1-48-g4cf74bf (webtiles) character file.

716 Neosonic97 the Nimble (level 7, -1/120 HPs)
             Began as a Grey Draconian Transmuter on Sept 9, 2016.
             Slain by a centaur
             ... wielding the +5 dagger of Saltpetre {pierce, rN+}
              (9 damage)
             ... in the Dungeon (Sprint V: "Ziggurat Sprint").
             The game lasted 00:03:01 (523 turns).

Neosonic97 the Nimble (Grey Draconian Transmuter)    Turns: 523, Time: 00:03:02

Health: -1/120     AC: -2    Str: 25    XL:     7   Next: 41%
Magic:  2/13       EV: 13    Int: 14    God:
Gold:   0          SH:  0    Dex: 11    Spells: 3 memorised, 6 levels left

rFire  x . .     SeeInvis .       - Unarmed
rCold  + + +     Gourm    .     (armour unavailable)
rNeg   + . .     Faith    .     (shield currently unavailable)
rPois  +         Spirit   .     (helmet currently unavailable)
rElec  .         Dismiss  .     (cloak currently unavailable)
rCorr  .         Reflect  .     (gloves currently unavailable)
SustAt .         Harm     .     (boots currently unavailable)
MR     +++..     Clarity  +     m - amulet of the Four Winds {rN+ MR+++ Clar}
Stlth  .......... NoTele   +    J - ring of wizardry
                                G - +6 ring of strength

@: berserking, ice-form, corroded, very quick, extremely resistant to hostile
enchantments, extremely unstealthy
A: (walk through water), unfitting armour, (unbreathing), (cold-blooded), AC +11
a: End Transformation


You were in the Dungeon.
You were not hungry.
You were a creature of crystalline ice.
You visited 1 branch

Inventory:

Missiles
 a - 12 arrows
Jewellery
 m - the amulet of the Four Winds (around neck) {rN+ MR+++ Clar}
   (You found it in the Dungeon)

   [amulet of nothing]

   It protects you from negative energy.
   It affects your resistance to hostile enchantments.
   It protects you against confusion.
 C - a +6 ring of dexterity
 D - a +6 ring of dexterity
 E - a +6 ring of intelligence
 F - a +6 ring of intelligence
 G - a +6 ring of strength (left front paw)
 H - a +6 ring of strength
 I - an uncursed ring of flight
 J - a ring of wizardry (right front paw)
 K - the ring of Wuicun {rElec Stlth+}
   (You found it in the Dungeon)

   [ring of stealth]

   It insulates you from electricity.
   It makes you more stealthy.
Wands
 y - a wand of disintegration (7/24)
 z - a wand of iceblast (5/15)
 A - a wand of lightning (5/15)
 B - a wand of acid (5/15)
Scrolls
 i - 4 scrolls of blinking
 p - 4 scrolls of amnesia
 q - 3 scrolls of recharging
 r - 7 scrolls of fog
 s - a scroll of holy word
 t - 5 scrolls of identify
 u - 5 scrolls of remove curse
 v - 2 scrolls of fear
Potions
 d - 10 potions of curing
 e - 6 potions of heal wounds
 f - 6 potions of haste
 g - 7 potions of magic
 h - 2 potions of berserk rage
 j - 2 potions of brilliance
 k - 2 potions of invisibility
 l - 4 potions of resistance
 n - 5 potions of agility
 o - 5 potions of might
Books
 b - a book of Changes

   Spells                             Type                      Level
   a - Beastly Appendage              Transmutation                1
   b - Sticks to Snakes               Transmutation                2
   c - Spider Form                    Transmutation/Poison         3
   d - Ice Form                       Ice/Transmutation            4
   e - Blade Hands                    Transmutation                5
Comestibles
 c - 5 bread rations
 w - 42 fruits
 x - 4 meat rations


   Skills:
 * Level 7.7 Fighting
 * Level 9.2 Dodging
 - Level 7.3 Unarmed Combat
 - Level 4.0 Spellcasting
 * Level 8.5 Transmutations
 + Level 1.6 Ice Magic


You had 6 spell levels left.
You knew the following spells:

 Your Spells              Type           Power        Failure   Level  Hunger
a - Beastly Appendage     Trmt           ####..       1%          1    None
b - Spider Form           Trmt/Pois      ##........   4%          3    ###....
c - Ice Form              Ice/Trmt       ###.....     10%         4    ####...


Dungeon Overview and Level Annotations

Branches:
Dungeon (1/1)

Altars:
Ashenzari
Cheibriados
Dithmenos
Elyvilon
Fedhas
Gozag
Kikubaaqudgha
Makhleb
Nemelex Xobeh
Okawaru
Pakellas
Qazlal
Ru
Sif Muna
Trog
Vehumet
Xom
Yredelemnul
Zin
The Shining One
Beogh
Jiyva
Lugonu


Innate Abilities, Weirdness & Mutations

((You can walk through water.))
((Your dull iron-grey scales are very hard (AC +11).))
Your body does not fit into most forms of armour.
((You can survive without breathing.))
((You are cold-blooded and may be slowed by cold attacks.))


Message History

The centaur unwields an uncursed shortbow.
The centaur wields the +5 dagger of Saltpetre {pierce, rN+}.
The centaur hits you with the +5 dagger of Saltpetre {pierce, rN+}!
* * * LOW HITPOINT WARNING * * *
x2 The centaur unwields an uncursed shortbow.
The centaur wields an uncursed staff of wizardry.
The centaur misses you.
You pummel the centaur!! You freeze the centaur.
You kill the centaur!
Your Dodging skill increases to level 9!
The centaur closely misses you.
The centaur hits you with an uncursed staff of wizardry.
* * * LOW HITPOINT WARNING * * *
The yaktaur wields an arbalest.
The yaktaur shoots a bolt.
The bolt hits you!
* * * LOW HITPOINT WARNING * * *
You pummel the centaur!! You freeze the centaur.
The centaur is almost dead.
The yaktaur shoots a bolt.
The bolt barely misses you.
The centaur hits you with the +5 dagger of Saltpetre {pierce, rN+}!
You die...

▓.))).▓..÷..▓..)..▓
▓.....▓.....▓.....▓
▓.....▓.....▓▓▓▓▓▓▓
▓▓▓▓▓▓▓▓▓▓▓▓▓▓▓▓▓▓▓
▓..8©8...▓..8©8...▓
▓..":|...▓..:"}...▓
▓........▓...c....▓
▓........▓.cc)c...▓
▓........▓...Y....▓
▓.▓....▓.▓.▓.(..▓.▓
▓........▓...((..(▓
▓▓▓▓▓▓▓▓▓▓▓▓▓▓▓▓▓▓▓


You could see 2 yaktaurs and 2 centaurs.

Vanquished Creatures
  Sigmund (D)
  A water moccasin (D)
  A giant eyeball (D)
  An eye of draining (D)
  A centaur (D)
  3 orc wizards (D)
  An orc priest (D)
  A jelly (D)
  Jessica (D)
  An adder (D)
  An ooze (D)
  A ball python (D)
14 creatures vanquished.

Vanquished Creatures (others)
  Snorg (D)
1 creature vanquished.

Grand Total: 15 creatures vanquished

Notes
Turn   | Place    | Note
--------------------------------------------------------------
     0 | D        | Neosonic97 the Draconian Transmuter began the quest for the Orb.
     0 | D        | Reached XP level 1. HP: 16/16 MP: 3/3
     0 | D        | Found a roughly hewn altar of Beogh.
     0 | D        | Found a viscous altar of Jiyva.
     0 | D        | Found a corrupted altar of Lugonu.
     0 | D        | Found a white marble altar of Elyvilon.
     0 | D        | Found a sparkling altar of Nemelex Xobeh.
     0 | D        | Found a burning altar of Makhleb.
     0 | D        | Found an iron altar of Okawaru.
     0 | D        | Found a deep blue altar of Sif Muna.
     0 | D        | Found a radiant altar of Vehumet.
     0 | D        | Found a bloodstained altar of Trog.
     0 | D        | Found a shimmering altar of Xom.
    31 | D        | Entered arena 1.
    31 | D        | Noticed Sigmund
    31 | D        | Noticed Jessica
    32 | D        | Reached skill level 4 in Dodging
    32 | D        | Reached XP level 2. HP: 28/28 MP: 5/5
    39 | D        | Killed Jessica
    39 | D        | Reached XP level 3. HP: 25/34 MP: 4/6
    58 | D        | Killed Sigmund
    58 | D        | Reached skill level 5 in Fighting
    58 | D        | Reached skill level 5 in Dodging
    58 | D        | Reached skill level 5 in Transmutations
    58 | D        | Reached XP level 4. HP: 22/42 MP: 6/10
    58 | D        | Reached XP level 5. HP: 25/48 MP: 6/11
    69 | D        | Learned a level 3 spell: Spider Form
    69 | D        | Entered arena 2.
    69 | D        | Noticed a water moccasin
    90 | D        | Killed a water moccasin
    90 | D        | Reached skill level 6 in Dodging
    90 | D        | Reached XP level 6. HP: 31/57 MP: 6/12
   185 | D        | Killed Snorg
   404 | D        | Learned a level 4 spell: Ice Form
   409 | D        | Entered arena 3.
   412 | D        | Reached skill level 7 in Dodging
   491 | D        | Entered arena 4.
   491 | D        | Noticed a giant eyeball
   494 | D        | Killed a giant eyeball
   494 | D        | Reached skill level 8 in Dodging
   494 | D        | Your scales start taking on a dull iron-grey colour.
   494 | D        | Reached XP level 7. HP: 66/66 MP: 4/13
   494 | D        | Gained mutation: You can survive without breathing. [Grey Draconian growth]
   501 | D        | Reached skill level 1 in Ice Magic
   506 | D        | Got the ring of Wuicun {rElec Stlth+}
   517 | D        | Entered arena 5.
   517 | D        | Noticed a yaktaur
   517 | D        | Noticed a yaktaur
   518 | D        | Identified the +5 dagger of Saltpetre {pierce, rN+}
   522 | D        | Reached skill level 9 in Dodging
   523 | D        | Slain by a centaur

Skill      XL: |  1  2  3  4  5  6  7 |
---------------+----------------------+-----
Fighting       | 4 5 7 |  7.7
Dodging        | 4 5 6 8 9 |  9.2
Transmutations | 4 5 6 7 8 |  8.5
Unarmed Combat | 4 7 |  7.3
Spellcasting   | 4 |  4.0
Ice Magic      | 1 |  1.6

Action                   |  1- 3 |  4- 6 |  7- 9 || total
-------------------------+-------+-------+-------++-------
Melee: Unarmed           |    19 |    26 |    10 ||    55
       Kick              |     4 |       |       ||     4
       Tailslap          |     1 |       |       ||     1
 Cast: Beastly Appendage |     2 |       |       ||     2
       Spider Form       |       |     1 |       ||     1
       Ice Form          |       |     2 |       ||     2
  Use: Potion            |     1 |     3 |     2 ||     6
Armor: Skin              |       |     6 |     1 ||     7
Dodge: Dodged            |    15 |    38 |     8 ||    61
